 Dungeon Crawl Stone Soup version 0.29-a0-559-g359e09b9d1 (webtiles) character file.

Game seed: 17426273060110466120

122 Heedrag the Conjurer (level 4, 0/30 HPs)
             Began as a Demonspawn Conjurer on June 9, 2022.
             Slain by Crazy Yiuf
             ... wielding a +4 quarterstaff of chaos
              (19 damage)
             ... on level 2 of the Dungeon.
             The game lasted 00:02:48 (2800 turns).

Heedrag the Conjurer (Demonspawn Conjurer)          Turns: 2800, Time: 00:02:48

Health: 0/30       AC:  3    Str:  7    XL:     4   Next: 78%
Magic:  3/8        EV: 12    Int: 22    God:
Gold:   68         SH:  0    Dex: 11    Spells: 5/8 levels left

rFire   . . .      SeeInvis .   c - +0 club
rCold   . . .      Faith    .   (no shield)
rNeg    . . .      Spirit   .   a - +0 robe
rPois   .          Reflect  .   (no helmet)
rElec   .          Harm     .   m - +0 cloak
rCorr   .          Rampage  .   (no gloves)
Will    .....                   (no boots)
Stlth   ++........              (no amulet)
HPRegen 0.10/turn               (no ring)
MPRegen 0.11/turn               (no ring)

@: no status effects
A: hooves 1, demonic touch 2
a: no special abilities


You were on level 2 of the Dungeon.
You visited 1 branch of the dungeon, and saw 2 of its levels.

You collected 68 gold pieces.

Inventory:

Hand Weapons
 c - a +0 club (weapon)
   (You took it off a kobold on level 1 of the Dungeon)
Missiles
 k - 5 poisoned darts
Armour
 a - a +0 robe (worn)
 m - a +0 cloak (worn)
   (You found it on level 1 of the Dungeon)
Jewellery
 e - an amulet of regeneration
   (You found it on level 2 of the Dungeon)
Scrolls
 g - 3 scrolls of identify {unknown}
 h - a scroll of fear {unknown}
 i - 2 scrolls of fog {unknown}
 j - 2 scrolls of amnesia {unknown}
 l - a scroll of teleportation {unknown}
 n - a scroll of enchant armour {unknown}
Potions
 b - a potion of magic
 d - a potion of haste {unknown}
 f - a potion of heal wounds {@q2}


   Skills:
 - Level 2.0 Dodging
 + Level 2.8 Stealth
 + Level 2.8 Spellcasting
 * Level 5.1 Conjurations


You had 5 spell levels left.
You knew the following spells:

 Your Spells              Type           Power      Damage    Failure   Level
a - Magic Dart            Conj           100%       1d8       1%          1
s - Searing Ray           Conj           50%        2d6       2%          2

Your spell library contained the following spells:

 Spells                   Type           Power      Damage    Failure   Level
 Dazzling Flash           Conj/Hex       28%        N/A       13%         3
 Blink                    Tloc           6%         N/A       19%         2
 Fulminant Prism          Conj/Hex       7%         3d7       41%         4
 Iskenderun's Mystic Bla  Conj/Tloc      14%        2d5       41%         4
 Manifold Assault         Tloc           3%         N/A       98%         5
 Storm Form               Tmut/Air       1%         N/A       100%        7


Dungeon Overview and Level Annotations

Branches:
Dungeon (2/15)

Altars:

Annotations:
D:2 Crazy Yiuf


Innate Abilities, Weirdness & Mutations

You have large cloven feet.
Your touch may inflict irresistible damage on your foes.


Message History

A hobgoblin comes into view.
The hobgoblin shouts!
A kobold comes into view. It is wielding a +0 dagger.
There are monsters nearby!
There are monsters nearby!
The hobgoblin hits you.
You barely miss the hobgoblin. The hobgoblin barely misses you.
You hit the hobgoblin but do no damage. You kick the hobgoblin.
Your touch misses the hobgoblin. The hobgoblin closely misses you.
You hit the hobgoblin. You kick the hobgoblin.
You kill the hobgoblin!
You can't see any susceptible monsters within range! (Use Z to cast anyway.) Unknown command.
Found a scroll labelled WUF WAYTSAG.
A kobold is nearby!
A kobold is nearby!
A kobold is nearby!
A kobold is nearby!
The kobold shouts!
The kobold misses you.
You barely miss the kobold. The kobold closely misses you.
The kobold hits you but does no damage.
You hit the kobold but do no damage. You kick the kobold, but do no damage.
Your touch misses the kobold. The kobold hits you with a +0 dagger.
You closely miss the kobold. You kick the kobold.
The kobold hits you with a +0 dagger.
You barely miss the kobold.
You touch the kobold.
You kill the kobold!
No target in view!
No target in view!
Things that are here:
a +0 dagger; a kobold corpse
n - a scroll labelled WUF WAYTSAG Could not explore, unopened runed door.
Could not explore, unopened runed door.
Could not explore, unopened runed door.
Could not explore, unopened runed door.
You open the door.
Aim: Crazy Yiuf, wielding a +4 quarterstaff of chaos and wearing a +0 cloak (wandering, hasn't noticed you, 82% to hit)
The searing ray hits Crazy Yiuf. (Press . to maintain the ray.)
The searing ray hits Crazy Yiuf.
Crazy Yiuf misses you.
The searing ray misses Crazy Yiuf.
Crazy Yiuf waves his quarterstaff at you.
Crazy Yiuf hits you with a +4 quarterstaff of chaos!
The searing ray hits Crazy Yiuf.
You finish channelling your searing ray.
Crazy Yiuf hits you with a +4 quarterstaff of chaos!!
Ouch! That really hurt!
You die...

...#
#.####....###
#. #### #.#
#....# #. #.#
#....# #. #.#
##...# #. #.#
##.## ## #.#
##.# ### #.##
##.# #@## #g#
... #...#
#)..# #####


You could see Crazy Yiuf.

Vanquished Creatures
  An orc wizard (D:2)
  2 adders
  3 gnolls (D:2)
  2 orcs (D:2)
  3 bats
  7 endoplasms
  3 goblins (D:1)
  4 hobgoblins
  2 jackals (D:1)
  4 quokkas
  A ball python (D:1)
  3 frilled lizards
  8 kobolds
  4 rats
47 creatures vanquished.

Notes
Turn   | Place    | Note
-------+----------+-------------------------------------------
     0 | D:1      | Heedrag the Demonspawn Conjurer began the quest for the
                  | Orb.
     0 | D:1      | Reached XP level 1. HP: 13/13 MP: 3/3
   318 | D:1      | Found a faded altar of an unknown god.
   373 | D:1      | Discovered your monstrous ancestry.
   373 | D:1      | Gained mutation: Your touch may inflict minor irresistible
                  | damage on your foes. [demonic ancestry]
   373 | D:1      | Reached XP level 2. HP: 8/19 MP: 0/5
   761 | D:1      | Learned a level 2 spell: Searing Ray
  1580 | D:1      | Gained mutation: Your touch may inflict irresistible damage
                  | on your foes. [demonic ancestry]
  1580 | D:1      | Reached XP level 3. HP: 6/24 MP: 0/6
  2081 | D:2      | Gained mutation: You have large cloven feet. [demonic
                  | ancestry]
  2081 | D:2      | Reached XP level 4. HP: 30/30 MP: 0/7
  2180 | D:2      | Found a runed translucent door.
  2181 | D:2      | Noticed Crazy Yiuf
  2268 | D:2      | Reached skill level 5 in Conjurations
  2800 | D:2      | Slain by Crazy Yiuf

Illustrated notes

Levels and vault maps discovered:
D:1:      saegor_arrival_simple_e, layout_loops_corners,
          nicolae_ecumenical_lake_church
D:2:      layout_rooms, uniq_crazy_yiuf_cottage

Skill      XL: |  1  2  3  4 |
---------------+-------------+-----
Stealth        | 2 |  2.8
Dodging        | 2 |  2.0
Conjurations   | 5 |  5.1
Spellcasting   | |  2.8

Action                   |  1- 3 |  4- 6 || total
-------------------------+-------+-------++-------
Melee: Club              |    20 |    32 ||    52
       Touch             |     3 |     3 ||     6
       Kick              |       |     9 ||     9
 Cast: Magic Dart        |    60 |     1 ||    61
       Searing Ray       |     3 |     4 ||     7
  Use: Potion            |     1 |       ||     1
 Stab: Sleeping          |       |     1 ||     1
Armor: Robe              |     7 |     6 ||    13
Dodge: Dodged            |    19 |    25 ||    44

Table legend: (Time is in decaauts)
 A = Elapsed time spent in this place.
 B = Non-inter-level travel time spent in this place.
 C = Inter-level travel time spent in this place.
 D = Time resting spent in this place.
 E = Time spent auto-exploring this place.
 F = Levels seen in this place.
 G = Mean time per level.
                   A        B        C        D        E       F      G
               +--------+--------+--------+--------+--------+-----+--------+
         Total |   2819 |   2721 |     98 |    461 |   1920 |   2 | 1409.5 |
       Dungeon |   2819 |   2721 |     98 |    461 |   1920 |   2 | 1409.5 |
               +--------+--------+--------+--------+--------+-----+--------+

Top non-repeatable levels by time:
     D:1: 1818 daAuts
     D:2: 1000 daAuts
